 Dungeon Crawl Stone Soup version 0.28-a0-401-ge240ad9e29 (webtiles) character file.

Game seed: 2909557211071970237

174 heikuro the Skirmisher (level 5, -2/42 HPs)
             Began as a Formicid Abyssal Knight on Sept 4, 2021.
             Was a Priest of Lugonu.
             Slain by a gnoll (8 damage)
             ... on level 3 of the Dungeon.
             The game lasted 00:08:45 (2971 turns).

heikuro the Skirmisher (Formicid Abyssal Knight)    Turns: 2971, Time: 00:08:45

Health: -2/42      AC: 13    Str: 18    XL:     5   Next: 84%
Magic:  7/7        EV:  9    Int: 11    God:    Lugonu [***...]
Gold:   97         SH:  0    Dex: 10    Spells: 4/4 levels left

rFire   . . .      SeeInvis +   h - +2 short sword (venom)
rCold   . . .      Faith    .   (no shield)
rNeg    . . .      Spirit   .   r - +0 scale mail
rPois   +          Reflect  .   (helmet unavailable)
rElec   .          Harm     .   l - +1 cloak {rPois}
rCorr   .          Rampage  .   (no gloves)
Will    .....                   (no boots)
Stlth   ..........              (no amulet)
HPRegen 0.14/turn               c - +4 ring of protection
MPRegen 0.10/turn               (no ring)

@: no status effects
A: permanent stasis, dig shafts and tunnels, antennae 3, four strong arms
a: Dig, Shaft Self, Renounce Religion, Depart the Abyss, Bend Space, Banish


You were on level 3 of the Dungeon.
You worshipped Lugonu.
Lugonu was most pleased with you.
You visited 1 branch of the dungeon, and saw 3 of its levels.
You visited the Abyss 1 time.

You collected 97 gold pieces.

Inventory:

Hand Weapons
 a - a +1 war axe
 h - a +2 short sword of venom (weapon)
Missiles
 g - 12 poisoned darts (quivered)
Armour
 l - a +1 cloak of poison resistance (worn)
 r - a +0 scale mail (worn)
Jewellery
 c - a +4 ring of protection (left hand)
 m - a ring of positive energy
Scrolls
 b - 2 scrolls of identify {unknown}
 d - a scroll of magic mapping {unknown}
 e - a scroll of immolation {unknown}
 f - 4 scrolls of enchant weapon
 k - a scroll of brand weapon {unknown}
 o - a scroll of teleportation {unknown}
 p - 2 scrolls of amnesia {unknown}
 s - 3 scrolls of blinking {unknown}
Potions
 i - 2 potions of brilliance {unknown}
 j - a potion of lignification {unknown}
 n - a potion of degeneration {unknown}
 q - a potion of attraction {unknown}


   Skills:
 + Level 4.2 Fighting
 * Level 3.7 Axes
 + Level 3.3 Armour
 - Level 1.0 Dodging
 + Level 3.4 Invocations


You had 4 spell levels left.
You didn't know any spells.
Your spell library contained the following spells:

 Spells                   Type           Power      Damage    Failure   Level
 Corpse Rot               Necr/Air       N/A        N/A       86%         2
 Ozocubu's Armour         Ice            0%         N/A       97%         3
 Stone Arrow              Conj/Erth      0%         3d7       97%         3
 Animate Armour           Summ/Erth      0%         N/A       100%        4
 Dispel Undead            Necr           0%         3d6       100%        4
 Leda's Liquefaction      Hex/Erth       0%         N/A       100%        4
 Lee's Rapid Deconstruct  Erth           0%         3d5*      100%        5
 Metabolic Englaciation   Hex/Ice        0%         N/A       100%        5
 Death Channel            Necr           0%         N/A       100%        6
 Simulacrum               Ice/Necr       0%         N/A       100%        6
 Statue Form              Tmut/Erth      0%         N/A       100%        6
 Lehudib's Crystal Spear  Conj/Erth      0%         10d2      100%        8


Dungeon Overview and Level Annotations

Branches:
Dungeon (3/15)

Altars:
Fedhas
Xom

Annotations:
D:3 1 runed translucent door, exclusion: player ghost, mistaj's ghost, weakling GrFi


Innate Abilities, Weirdness & Mutations

You cannot be hasted, slowed, berserked, paralysed or teleported.
You can dig through walls and to a lower floor.
You have a pair of large antennae on your head. (SInv)
Your four strong arms can wield two-handed weapons with a shield.


Message History

Aim: a gnoll, wielding a +0 halberd (moderately wounded, very poisoned, 61% to hit)
You throw a poisoned dart.
The poisoned dart closely misses the gnoll.
The gnoll shouts!
The gnoll hits you but does no damage.
Found a pair of embroidered boots.
The gnoll barely misses you.
You hit the gnoll.
The gnoll looks as sick as possible!
The gnoll is moderately wounded.
The gnoll hits you but does no damage. x2
You hit the gnoll.
You kill the gnoll!
Lugonu accepts your kill.
The gnoll hits you but does no damage. x2
The gnoll completely misses you.
Things that are here:
a +0 halberd; a gnoll corpse You hit the gnoll.
The gnoll is poisoned.
The gnoll is moderately wounded.
The gnoll hits you from afar with a +0 halberd!
The gnoll barely misses you.
You barely miss the gnoll.
The gnoll is heavily wounded.
The gnoll barely misses you. The gnoll hits you with a +0 spear.
You puncture the gnoll!
You kill the gnoll!
Lugonu accepts your kill.
The gnoll hits you from afar with a +0 halberd.
The gnoll hits you with a +0 halberd!
You see here a poisoned dart.
You are too injured to fight recklessly!
You are too injured to fight recklessly!
You are too injured to fight recklessly!
You hit the gnoll.
The gnoll is poisoned.
The gnoll is moderately wounded.
The gnoll hits you with a +0 halberd!
* * * LOW HITPOINT WARNING * * *
You hit the gnoll but do no damage.
The gnoll is heavily wounded.
The gnoll hits you with a +0 halberd!
You die...

###################
#.................#
#.#######..)..###.###...
#.### ##.#####.)@g((....
#...###.##..[##)#.###[..
#.#..##.#(....#.#.#
#.#.....#.)...#...#
#..)#'#.#)...)#...#
#..##.###†..[##.#.#
##.#...'.#####.##.#
#)##.###)## .##.#
#..#####..##...


You could see a gnoll (very poisoned).

Vanquished Creatures
  Crazy Yiuf (D:2)
  2 gnolls (D:3)
  3 adders
  A shadow imp (D:3)
  3 dart slugs
  An orc (D:3)
  10 bats
  10 endoplasms
  5 giant cockroaches
  6 hobgoblins
  2 quokkas
  5 ball pythons
  6 frilled lizards
  10 goblins
  10 kobolds
  9 rats
84 creatures vanquished.

Vanquished Creatures (others)
  2 withered plants (D:3)
2 creatures vanquished.

Grand Total: 86 creatures vanquished

Notes
Turn   | Place    | Note
-------+----------+-------------------------------------------
     0 | Abyss:1  | heikuro the Formicid Abyssal Knight began the quest for the
                  | Orb.
     0 | Abyss:1  | Reached XP level 1. HP: 18/18 MP: 2/2
    39 | Abyss:1  | Noticed a small abomination
    44 | D:1      | Escaped the Abyss
    81 | D:1      | Reached * piety under Lugonu
    85 | D:1      | Reached skill level 1 in Dodging
   278 | D:1      | Reached XP level 2. HP: 15/24 MP: 3/3
   895 | D:1      | Reached XP level 3. HP: 29/29 MP: 4/4
  1482 | D:2      | Reached ** piety under Lugonu
  1486 | D:2      | Reached XP level 4. HP: 30/37 MP: 6/6
  1824 | D:2      | Found a runed translucent door.
  1825 | D:2      | Noticed Crazy Yiuf
  1833 | D:2      | Killed Crazy Yiuf
  1834 | D:2      | Reached skill level 4 in Fighting
  2023 | D:2      | Found a faded altar of an unknown god.
  2165 | D:2      | Reached XP level 5. HP: 42/42 MP: 7/7
  2183 | D:3      | Found a blossoming altar of Fedhas.
  2211 | D:3      | Found a runed translucent door.
  2212 | D:3      | Noticed mistaj's ghost (weakling GrFi)
  2494 | D:3      | Found a shimmering altar of Xom.
  2804 | D:3      | Reached *** piety under Lugonu
  2971 | D:3      | Slain by a gnoll

Illustrated notes

Levels and vault maps discovered:
D:1:      minmay_arrival_jagged, layout_basic
D:2:      layout_basic, hellmonk_ecumenical_altar_inner_sanctum, kennysheep_nub,
          minmay_misc_feat_chi, uniq_crazy_yiuf_cottage
D:3:      layout_loops_cross, mainiacjoe_overflow_tiny_flanked, tgw_xom,
          gammafunk_ghost_grave, minmay_joined_circles

Skill      XL: |  1  2  3  4 |
---------------+-------------+-----
Dodging        | 1 |  1.0
Axes           | 3 |  3.7
Fighting       | 4 |  4.2
Invocations    | 3 |  3.4
Armour         | 3 |  3.3

Action                   |  1- 3 |  4- 6 || total
-------------------------+-------+-------++-------
Melee: Hand axe          |    27 |       ||    27
       Short sword       |    58 |   125 ||   183
       War axe           |     2 |       ||     2
Throw: Dart              |       |     5 ||     5
Invok: Depart the Abyss  |     1 |       ||     1
  Use: Scroll            |       |     1 ||     1
 Stab: Distracted        |     1 |       ||     1
Armor: Leather armour    |    15 |       ||    15
       Ring mail         |    24 |    53 ||    77
       Scale mail        |       |    10 ||    10
Dodge: Dodged            |    57 |    66 ||   123

Table legend: (Time is in decaauts)
 A = Elapsed time spent in this place.
 B = Non-inter-level travel time spent in this place.
 C = Inter-level travel time spent in this place.
 D = Time resting spent in this place.
 E = Time spent auto-exploring this place.
 F = Levels seen in this place.
 G = Mean time per level.
                   A        B        C        D        E       F      G
               +--------+--------+--------+--------+--------+-----+--------+
         Total |   2995 |   2905 |     90 |    869 |    608 |   4 |  748.8 |
       Dungeon |   2951 |   2861 |     90 |    869 |    608 |   3 |  983.7 |
         Abyss |     44 |     44 |      0 |      0 |      0 |   1 |   44.0 |
               +--------+--------+--------+--------+--------+-----+--------+

Top non-repeatable levels by time:
     D:1: 1300 daAuts
     D:2: 859 daAuts
     D:3: 791 daAuts
 Abyss:1: 44 daAuts
